Map: Аура смерти РВ

Players

Kantara

  • Race: Protoss Protoss
  • League: Master

FaJeReDDDDDD

  • Race: Protoss Protoss
  • League: Master

Vlad

  • Race: Terran Terran
  • League: Master
  • Spawn Location: 11:00

Maro

  • Race: Terran Terran
  • Spawn Location: 5:00

VOD

Have the link to the VOD?

Description

Time

  • Played on: Jan. 11, 2021, 1:09 p.m.
  • Length: 9:20
Show
View Real Time Build Order
Export as new Build Order

Kantara Protoss 

Build Orders:  

Get SALT Encoding   

Show
View Real Time Build Order
Export as new Build Order

FaJeReDDDDDD Protoss 

Build Orders:  

Get SALT Encoding   

Show
View Real Time Build Order
Export as new Build Order

Vlad Terran 

Build Orders:  

Get SALT Encoding   

  12  0:00  Probe  
  13  0:12  Probe  
  14  0:18  Pylon  
  14  0:24  Probe  
  15  0:32  Probe  
  15  0:38  Gateway  
  15  0:40  Probe  
  16  0:46  Assimilator  
  17  0:51  Probe  
  18  1:03  Probe  
  19  1:15  Probe  
  20  1:25  Nexus  
  20  1:34  Cybernetics Core  
  20  1:41  Pylon  
  20  1:43  Probe  
  21  1:50  Assimilator  
  21  1:55  Probe  
  21  2:01  Gateway  
  22  2:07  Probe  
  23  2:10  Stalker  
  23  2:14  Warp Gate  
  25  2:18  Probe  
  26  2:24  Shield Battery  
  26  2:27  Probe  
  27  2:37  Probe  
  27  2:38  Probe  
  27  2:40  Stalker  
  31  2:49  Probe  
  31  2:50  Sentry  
  34  2:52  Probe  
  35  3:01  Probe  
  35  3:04  Probe  
  37  3:10  Stalker  
  39  3:22  Probe x2, Stalker  
  39  3:26  Twilight Council  
  43  3:37  Probe x2  
  43  3:39  Shield Battery  
  45  3:43  Shield Battery  
  45  3:45  Pylon  
  45  3:49  Probe  
  46  3:58  Stalker  
  43  4:14  Shield Battery, Probe x2  
  43  4:16  Blink (Chrono Boost)  
  45  4:26  Probe x2  
  47  4:34  Pylon  
  47  4:37  Stalker x2  
  52  4:38  Probe x2  
  53  4:48  Gateway  
  53  4:49  Robotics Facility  
  53  4:57  Probe x2  
  53  4:59  Assimilator  
  55  5:00  Pylon  
  55  5:03  Stalker x2  
  59  5:12  Probe x2  
  61  5:24  Probe x2  
  61  5:25  Nexus  
  61  5:26  Pylon  
  59  5:38  Forge  
  59  5:39  Observer (Chrono Boost)  
  60  5:47  Forge  
  60  5:48  Stalker  
  60  5:49  Robotics Bay  
  62  5:51  Assimilator, Zealot x2  
  62  5:52  Pylon  
  62  5:55  Observer (Chrono Boost)  
  67  6:00  Charge (Chrono Boost)  
  67  6:13  Zealot x2  
  67  6:14  Zealot  
  59  6:38  Protoss Ground Weapons Level 1 (Chrono Boost)  
  59  6:40  Probe (Chrono Boost)  
  59  6:41  Probe (Chrono Boost)  
  59  6:42  Probe (Chrono Boost)  
  59  6:46  Colossus  
  62  6:47  Protoss Ground Armor Level 1 (Chrono Boost)  
  62  6:52  Probe (Chrono Boost)  
  71  6:57  Observer  
  71  6:58  Probe x2 (Chrono Boost)  
  71  7:04  Probe  
  71  7:05  Probe  
  71  7:07  Probe  
  74  7:10  Gateway  
  74  7:12  Gateway  
  74  7:15  Pylon  
  74  7:22  Probe x3  
  77  7:27  Photon Cannon  
  77  7:28  Shield Battery  
  77  7:31  Pylon  
  77  7:34  Probe x3  
  80  7:38  Pylon  
  80  7:42  Gateway x2  
  80  7:43  Colossus  
  80  7:46  Probe  
  87  7:54  Probe  
  87  7:55  Probe  
  87  7:57  Zealot x3  
  96  7:58  Probe  
  96  8:07  Probe  
  96  8:12  Pylon  
  97  8:32  Zealot x5  
  109  8:51  Zealot x2  
  109  8:55  Zealot x4  
  89  9:11  Zealot  
  92  9:17  Gateway  
  92  9:19  Gateway  
Show
View Real Time Build Order
Export as new Build Order

Maro Terran 

Build Orders:  

Get SALT Encoding   

  12  0:00  SCV  
  13  0:12  SCV  
  14  0:16  Supply Depot  
  14  0:24  SCV  
  15  0:38  SCV  
  15  0:39  Barracks  
  16  0:50  Barracks  
  16  0:52  SCV  
  17  1:04  SCV  
  17  1:10  Barracks  
  18  1:16  SCV  
  19  1:20  Supply Depot  
  19  1:28  Marine  
  20  1:39  Orbital Command  
  20  1:43  Marine  
  20  1:46  Marine  
  22  1:56  Marine  
  22  2:00  Marine  
  24  2:04  Marine, SCV  
  24  2:07  Refinery  
  26  2:10  Supply Depot  
  26  2:16  Marine, SCV  
  26  2:18  Marine  
  26  2:21  Marine  
  30  2:27  Refinery  
  30  2:29  SCV  
  31  2:34  Marine  
  31  2:36  Marine  
  33  2:39  Marine  
  33  2:41  SCV  
  35  2:50  Supply Depot  
  35  2:53  SCV  
  35  2:55  Barracks Tech Lab  
  38  3:00  Marine, Barracks Reactor  
  38  3:05  SCV  
  38  3:15  Factory  
  38  3:19  Marine  
  39  3:20  Marine  
  41  3:29  Supply Depot  
  40  3:36  Stimpack  
  40  3:37  Marine x3  
  40  3:38  Marine  
  44  4:04  Marine  
  44  4:05  Marine x3  
  46  4:10  Factory Reactor  
  46  4:13  Starport, SCV  
  43  4:19  Command Center  
  43  4:23  Supply Depot  
  42  4:25  SCV  
  42  4:30  Marine x3  
  46  4:44  Marine  
  47  4:46  Supply Depot  
  47  4:48  Marine x3  
  50  4:56  Medivac x2  
  50  4:58  Factory Tech Lab  
  54  5:03  SCV  
  55  5:07  Marine x2  
  55  5:09  Marine  
  55  5:11  Marine  
  59  5:21  Siege Tank  
  59  5:22  SCV  
  62  5:30  Marine x3  
  62  5:34  Marine  
  66  5:47  Supply Depot  
  66  5:48  Marine x3  
  69  5:52  Marine  
  69  5:55  Orbital Command  
  69  5:56  SCV  
  71  6:05  Medivac x2  
  71  6:08  SCV  
  70  6:20  Marine x2, SCV  
  70  6:22  Siege Tank, Marauder  
  75  6:32  SCV  
  63  6:36  SCV  
  63  6:46  Barracks  
  63  6:47  Barracks Tech Lab  
  63  6:48  Refinery  
  63  6:49  Refinery, Barracks  
  63  6:54  Siege Tank  
  63  6:56  Combat Shield  
  63  6:58  SCV  
  67  7:04  Marine x2  
  67  7:05  Marauder  
  68  7:10  SCV  
  68  7:11  SCV  
  68  7:15  Marauder  
  72  7:22  Marine x2  
  74  7:26  Marauder  
  74  7:28  Supply Depot  
  77  7:30  SCV  
  77  7:36  Marine x2  
  79  7:39  Marauder  
  79  7:43  Siege Tank  
  84  7:48  Marauder  
  84  7:50  Medivac x2  
  90  8:00  Supply Depot  
  90  8:03  Marine x2  
  90  8:04  Marine x3  
  89  8:32  Medivac x2  
  91  8:35  Marine x2, Marauder x2  
  97  8:43  Marine  
  97  8:47  Marine  
  76  8:59  Marine x2  
Tags
 
Add a new tag
Caveats
  • Supply blocks, unpowered buildings, or Contaminate may cause inaccurate times.
  • Supply counts are checked every 10 seconds.